[Event "Czech Youth U16 Boys 2024"]
[Site "Kouty nad Desnou"]
[Date "2024.03.13"]
[Round "6.6"]
[White "Davidek, Zdenek"]
[Black "Zrubek, Dan"]
[Result "0-1"]
[ECO "D96"]
[WhiteElo "2135"]
[BlackElo "1882"]
[Annotator "RC"]
[PlyCount "48"]
[EventDate "2024.03.10"]
[EventType "swiss"]
[EventCountry "CZE"]
[SourceTitle "playchess.com"]
[Source "ChessBase"]
[SourceQuality "1"]
[TimeControl "40/5400+30:1800+30"]

1. d4 Nf6 2. c4 g6 3. Nc3 d5 4. Nf3 Bg7 5. Qb3 c6 6. cxd5 cxd5 7. Bg5 e6 8. e3 O-O 9. h3 Nc6 10. Bd3 a6 11. O-O b5 12. Ne5 Na5 13. Qc2 Qb6 14. a4 b4 15. Ne2 Re8 16. Rfc1 Nd7 17. Nxd7 Bxd7 18. Qc7 Qxc7 19. Rxc7 Bc6 20. Rc1 Bxa4 21. Ra1 Bb5 22. Nc1 Nc4 23. b3 Nd6 24. Bxb5 Nxb5 0-1

[Event "Czech Youth U16 Boys 2024"]
[Site "Kouty nad Desnou"]
[Date "2024.03.13"]
[Round "6.7"]
[White "Setina, Vaclav"]
[Black "Hozda, Max"]
[Result "1/2-1/2"]
[ECO "A56"]
[WhiteElo "2024"]
[BlackElo "2032"]
[Annotator "RC"]
[PlyCount "76"]
[EventDate "2024.03.10"]
[EventType "swiss"]
[EventCountry "CZE"]
[SourceTitle "playchess.com"]
[Source "ChessBase"]
[SourceQuality "1"]
[TimeControl "40/5400+30:1800+30"]

1. d4 Nf6 2. c4 c5 3. e3 g6 4. Nf3 Bg7 5. Be2 O-O 6. O-O cxd4 7. exd4 d5 8. b3 Nc6 9. Bb2 b6 10. Nc3 Bb7 11. Qd2 Ne4 12. Qe3 Nxc3 13. Bxc3 e6 14. Rfd1 Rc8 15. Rac1 Re8 16. Ne5 Nxe5 17. dxe5 Qe7 18. cxd5 Bxd5 19. f4 Bf8 20. Ba6 Rc7 21. Bd4 Rxc1 22. Qxc1 Qa3 23. Qxa3 Bxa3 24. g3 Re7 25. Kf2 Rc7 26. Bd3 h5 27. Ke2 Kf8 28. Rd2 Ke7 29. Rc2 Rxc2+ 30. Bxc2 Kd7 31. Bd3 Kc6 32. Kd2 a5 33. Kc2 Bc5 34. Kc3 b5 35. Bc2 Ba3 36. Kd3 Bc5 37. Ke3 Ba3 38. Bd1 Bc5 1/2-1/2

[Event "Czech Youth U16 Boys 2024"]
[Site "Kouty nad Desnou"]
[Date "2024.03.13"]
[Round "6.8"]
[White "Rybackova, Lucie"]
[Black "Pressler, Tobias"]
[Result "1/2-1/2"]
[ECO "A20"]
[WhiteElo "1983"]
[BlackElo "1954"]
[Annotator "RC"]
[PlyCount "83"]
[EventDate "2024.03.10"]
[EventType "swiss"]
[EventCountry "CZE"]
[SourceTitle "playchess.com"]
[Source "ChessBase"]
[SourceQuality "1"]
[TimeControl "40/5400+30:1800+30"]

1. c4 e5 2. e3 Nf6 3. a3 d6 4. Qc2 g6 5. Nc3 Bg7 6. Nf3 O-O 7. Be2 Re8 8. d3 b6 9. O-O Bb7 10. Nd2 Nbd7 11. b4 d5 12. cxd5 Nxd5 13. Nxd5 Bxd5 14. Bb2 c5 15. Bf3 Bxf3 16. Nxf3 Qe7 17. Qb3 Rac8 18. Rac1 Rc7 19. Rc2 Rec8 20. Rfc1 Qd6 21. Ng5 Nf6 22. bxc5 bxc5 23. Nf3 Nd5 24. Nd2 Nb6 25. Ne4 Qe7 26. a4 Nd7 27. Ba3 Bf8 28. a5 Kg7 29. Rc4 f5 30. Nc3 Rb8 31. Qc2 Qe6 32. Rb1 Rcb7 33. Rxb7 Rxb7 34. Na4 Rb5 35. Nxc5 Bxc5 36. Bxc5 Rxa5 37. h3 Nxc5 38. Rxc5 Rxc5 39. Qxc5 a6 40. Kh2 Qf6 41. Qa7+ Kh6 42. Qc5 1/2-1/2

[Event "Czech Youth U16 Boys 2024"]
[Site "Kouty nad Desnou"]
[Date "2024.03.13"]
[Round "6.9"]
[White "Buchtova, Viktorie"]
[Black "Zemek, Antonin"]
[Result "0-1"]
[ECO "C12"]
[WhiteElo "1874"]
[BlackElo "1870"]
[Annotator "NA"]
[PlyCount "90"]
[EventDate "2024.03.10"]
[EventType "swiss"]
[EventCountry "CZE"]
[SourceTitle "playchess.com"]
[Source "ChessBase"]
[SourceQuality "1"]
[TimeControl "40/5400+30:1800+30"]

1. e4 e6 2. d4 d5 3. Nc3 Nf6 4. Bg5 Bb4 5. e5 h6 6. Bd2 Nfd7 7. Qg4 g6 {[%emt 0:03:33] C12: French: Classical System: McCutcheon Variation.} 8. Bd3 Qe7 9. Nf3 c5 10. Nb5 c4 $2 {[%emt 0:06:30] [#]} (10... Bxd2+ $16 {keeps fighting.} 11. Kxd2 (11. Nxd2 O-O $14) 11... Kd8) 11. Bxg6 Bxd2+ 12. Nxd2 (12. Kxd2 $142 Kd8 13. Bh5) 12... Rg8 {[%emt 0:17:05] [#]} 13. Bxf7+ $1 Kxf7 14. Qf4+ Kg7 15. Nc7 Na6 16. Nxa8 Nf8 (16... b5 $16 17. Qe3 Ndb8) 17. O-O Ng6 18. Qe3 Bd7 {[%emt 0:00:52] [#]} 19. b3 Nb4 20. Qc3 Rxa8 21. a3 Na6 22. bxc4 dxc4 23. Nxc4 (23. Qxc4 $16 Nf4 24. Kh1) 23... Rc8 24. Qb3 Bc6 25. Nd6 Rg8 $2 (25... Rf8 $16 {ist eine bessere Verteidigung.}) 26. Qe3 Kh7 27. Ne4 Qh4 28. Nf6+ Kh8 29. Qg3 Rg7 30. f3 Qxd4+ 31. Qf2 Qxe5 32. Ng4 Qg5 33. Rad1 Nf4 34. h4 {[%emt 0:01:05] [#]} Qf5 $1 35. Kh2 h5 36. Ne3 Qf6 37. g3 {[%emt 0:01:14] [#]} Ng6 $1 38. Rd3 $2 (38. Qd2 $17) 38... Nc5 $19 39. Rc3 Qxc3 40. Rd1 Qf6 41. Nc4 Nxh4 42. gxh4 Qf4+ 43. Kh3 Ne4 44. Qe1 Rg3+ 45. Kh2 Qxh4# 0-1

[Event "Czech Youth U16 Boys 2024"]
[Site "Kouty nad Desnou"]
[Date "2024.03.13"]
[Round "6.10"]
[White "Zelba, Lukas"]
[Black "Zezula, Matej"]
[Result "1/2-1/2"]
[ECO "B30"]
[WhiteElo "1979"]
[BlackElo "1825"]
[Annotator "ChessBase"]
[PlyCount "145"]
[EventDate "2024.03.10"]
[EventType "swiss"]
[EventCountry "CZE"]
[SourceTitle "playchess.com"]
[Source "ChessBase"]
[SourceQuality "1"]
[TimeControl "40/5400+30:1800+30"]

1. e4 c5 2. Nf3 Nc6 3. Bb5 d6 4. c3 a6 5. Be2 Nf6 6. d4 cxd4 7. cxd4 g6 8. O-O Bg7 9. Nc3 O-O 10. d5 Nb8 11. a4 Bg4 12. Be3 Nbd7 13. h3 Bxf3 14. Bxf3 Ne5 15. Be2 Rc8 16. Qb3 Qc7 17. Rac1 Qb8 18. a5 Ned7 19. Qb4 Nc5 20. e5 Nfd7 21. exd6 Qxd6 22. Rfd1 Rfd8 23. Na4 Nxa4 24. Qxa4 Bxb2 25. Rxc8 Rxc8 26. Qb3 Be5 27. Qxb7 Rb8 28. Qxa6 Qxa6 29. Bxa6 Bc3 30. Bf4 Ra8 31. Bb5 Nc5 32. Bc7 Bb4 33. Rb1 Bxa5 34. Ra1 Nb3 35. Ra3 Ra7 36. Bf4 Nd4 37. Bd3 Bb6 38. Rxa7 Bxa7 39. d6 exd6 40. Bxd6 Ne6 41. g3 Bd4 42. Kg2 Kg7 43. g4 Bb2 44. Bc4 Ng5 45. Bd5 f6 46. Bc7 Bc3 47. f4 Nf7 48. Kf3 g5 49. fxg5 Nxg5+ 50. Kg2 Be1 51. Bd8 Kg6 52. Bc4 h6 53. Bb3 Kg7 54. Bd5 Bc3 55. h4 Nf7 56. Bxf7 Kxf7 57. Kf3 Ke6 58. Ke4 Be1 59. h5 Bd2 60. Bc7 Bb4 61. Bf4 Bf8 62. Bc1 Bg7 63. Ba3 Kf7 64. Kf5 Bh8 65. Bc1 Bg7 66. Bd2 Bf8 67. Bc3 Bg7 68. Bd4 Bh8 69. g5 hxg5 70. h6 Bg7 71. h7 Bh8 72. Bc3 Kg7 73. Bxf6+ 1/2-1/2

[Event "Czech Youth U16 Boys 2024"]
[Site "Kouty nad Desnou"]
[Date "2024.03.13"]
[Round "6.11"]
[White "Buchta, Bartolomej"]
[Black "Mikolas, Petr"]
[Result "1/2-1/2"]
[ECO "C02"]
[WhiteElo "1913"]
[BlackElo "1957"]
[Annotator "RC"]
[PlyCount "63"]
[EventDate "2024.03.10"]
[EventType "swiss"]
[EventCountry "CZE"]
[SourceTitle "playchess.com"]
[Source "ChessBase"]
[SourceQuality "1"]
[TimeControl "40/5400+30:1800+30"]

1. e4 e6 2. d4 d5 3. e5 c5 4. c3 Nc6 5. Nf3 Qb6 6. Be2 cxd4 7. cxd4 Nh6 8. Na3 Bxa3 9. bxa3 Nf5 10. Be3 Nxe3 11. fxe3 Qa5+ 12. Qd2 Bd7 13. O-O Qxd2 14. Nxd2 Ke7 15. Rf2 Rhf8 16. Raf1 f6 17. exf6+ Rxf6 18. Rxf6 gxf6 19. Nb3 b6 20. Bd3 h6 21. Rb1 Rc8 22. Kf2 e5 23. Ba6 Rc7 24. Rc1 Kd6 25. Bd3 a5 26. Rb1 e4 27. Be2 Na7 28. Nd2 Rc2 29. Rxb6+ Kc7 30. Ra6 Nb5 31. Ke1 Rc1+ 32. Kf2 1/2-1/2

[Event "Czech Youth U16 Boys 2024"]
[Site "Kouty nad Desnou"]
[Date "2024.03.13"]
[Round "6.12"]
[White "Tegda, Vojtech"]
[Black "Dvorak, Jan"]
[Result "1-0"]
[ECO "C01"]
[WhiteElo "1936"]
[BlackElo "2154"]
[Annotator "ChessBase"]
[PlyCount "41"]
[EventDate "2024.03.10"]
[EventType "swiss"]
[EventCountry "CZE"]
[SourceTitle "playchess.com"]
[Source "ChessBase"]
[SourceQuality "1"]
[TimeControl "40/5400+30:1800+30"]

1. e4 e6 2. d4 d5 3. exd5 exd5 4. Nf3 Bd6 5. c4 Nf6 6. Nc3 c6 7. Be2 dxc4 8. Bxc4 O-O 9. O-O Bg4 10. h3 Bh5 11. Bg5 h6 12. Bh4 Nbd7 13. Re1 Qc7 14. Qd3 Kh8 15. d5 g5 16. dxc6 bxc6 17. Rad1 Bc5 18. Na4 Rad8 19. Qc3 Bd6 20. Rxd6 Qxd6 21. Bg3 1-0

[Event "Czech Youth U16 Boys 2024"]
[Site "Kouty nad Desnou"]
[Date "2024.03.14"]
[Round "7.1"]
[White "Hladky, Tadeas"]
[Black "Prazak, Daniel"]
[Result "1/2-1/2"]
[ECO "A15"]
[WhiteElo "2056"]
[BlackElo "2223"]
[Annotator "RC"]
[PlyCount "64"]
[EventDate "2024.03.10"]
[EventType "swiss"]
[EventCountry "CZE"]
[SourceTitle "playchess.com"]
[Source "ChessBase"]
[SourceQuality "1"]
[TimeControl "40/5400+30:1800+30"]

1. c4 Nf6 2. Nf3 g6 3. Nc3 d5 4. cxd5 Nxd5 5. e4 Nxc3 6. bxc3 c5 7. d4 Bg7 8. Bb5+ Nc6 9. O-O O-O 10. Be3 Bg4 11. Bxc6 bxc6 12. Rc1 Qa5 13. Qc2 f5 14. Qb3+ Kh8 15. exf5 Bxf3 16. gxf3 gxf5 17. Bf4 Rad8 18. Be5 Bxe5 19. dxe5 Qa6 20. c4 Rb8 21. Qe3 Qxa2 22. Kh1 Qb3 23. Rc3 Qb2 24. e6 Rf6 25. Rd3 Qc2 26. Rc1 f4 27. Qxf4 Rxf4 28. Rxc2 Rb1+ 29. Kg2 Rf6 30. f4 Rxe6 31. Rg3 Rb8 32. Ra2 Rf6 1/2-1/2

[Event "Czech Youth U16 Boys 2024"]
[Site "Kouty nad Desnou"]
[Date "2024.03.14"]
[Round "7.2"]
[White "Andrle, Filip"]
[Black "Jasso, Matej"]
[Result "1/2-1/2"]
[ECO "B94"]
[WhiteElo "1943"]
[BlackElo "2060"]
[Annotator "RC"]
[PlyCount "60"]
[EventDate "2024.03.10"]
[EventType "swiss"]
[EventCountry "CZE"]
[SourceTitle "playchess.com"]
[Source "ChessBase"]
[SourceQuality "1"]
[TimeControl "40/5400+30:1800+30"]

1. e4 c5 2. Nf3 d6 3. d4 cxd4 4. Nxd4 Nf6 5. Nc3 a6 6. Bg5 Nbd7 7. f4 Qb6 8. Qd2 e5 9. Nb3 Be7 10. O-O-O h6 11. Bxf6 Nxf6 12. Kb1 Be6 13. f5 Bd7 14. Be2 Bc6 15. Bf3 Qc7 16. g4 b5 17. h4 b4 18. Nd5 Bxd5 19. exd5 a5 20. Qd3 Nd7 21. Nd2 Nc5 22. Qb5+ Qd7 23. Qxd7+ Kxd7 24. Ne4 Nxe4 25. Bxe4 f6 26. h5 Rhc8 27. Rh3 Rc4 28. Re3 Bd8 29. b3 Rc5 30. Rf3 Rb8 1/2-1/2

[Event "Czech Youth U16 Boys 2024"]
[Site "Kouty nad Desnou"]
[Date "2024.03.14"]
[Round "7.3"]
[White "Juracak, David"]
[Black "Juhanak, Daniel"]
[Result "1/2-1/2"]
[ECO "E21"]
[WhiteElo "1944"]
[BlackElo "2005"]
[Annotator "RC"]
[PlyCount "120"]
[EventDate "2024.03.10"]
[EventType "swiss"]
[EventCountry "CZE"]
[SourceTitle "playchess.com"]
[Source "ChessBase"]
[SourceQuality "1"]
[TimeControl "40/5400+30:1800+30"]

1. d4 Nf6 2. c4 e6 3. Nc3 Bb4 4. Nf3 d5 5. e3 O-O 6. Bd3 dxc4 7. Bxc4 b6 8. O-O Bb7 9. Bd2 Nbd7 10. Rc1 a6 11. Re1 Bd6 12. e4 e5 13. Bg5 h6 14. Bh4 b5 15. Bb3 c5 16. Bxf6 Qxf6 17. dxc5 Nxc5 18. Bd5 Rac8 19. b4 Na4 20. Nxa4 Rxc1 21. Qxc1 Bxd5 22. exd5 bxa4 23. a3 e4 24. Rxe4 Qf5 25. Rc4 Qxd5 26. Rd4 Qe6 27. Qd1 Be5 28. Nxe5 Qxe5 29. g3 Re8 30. Qxa4 Qe1+ 31. Kg2 Re2 32. Rf4 g5 33. Rf5 Qb1 34. Qd7 Qe4+ 35. Kh3 Qe6 36. Qxe6 Rxe6 37. Kg4 Kg7 38. Kf3 Kg6 39. Ra5 Kf6 40. a4 Rb6 41. b5 axb5 42. Rxb5 Ra6 43. a5 Kg7 44. Ke4 Re6+ 45. Kd4 Re2 46. a6 Ra2 47. Rb6 Rxf2 48. a7 Ra2 49. Rb7 Kg6 50. Kc5 f5 51. Kd5 f4 52. gxf4 gxf4 53. Ke4 Ra4+ 54. Kf3 Kf5 55. Rf7+ Kg6 56. Rb7 Kf5 57. Rb5+ Kg6 58. Rb6+ Kg5 59. Rb5+ Kg6 60. Rb7 Kf5 1/2-1/2

[Event "Czech Youth U16 Boys 2024"]
[Site "Kouty nad Desnou"]
[Date "2024.03.14"]
[Round "7.4"]
[White "Zrubek, Dan"]
[Black "Ulcak, Michael"]
[Result "1/2-1/2"]
[ECO "B11"]
[WhiteElo "1882"]
[BlackElo "1929"]
[Annotator "RC"]
[PlyCount "65"]
[EventDate "2024.03.10"]
[EventType "swiss"]
[EventCountry "CZE"]
[SourceTitle "playchess.com"]
[Source "ChessBase"]
[SourceQuality "1"]
[TimeControl "40/5400+30:1800+30"]

1. e4 c6 2. Nf3 d5 3. Nc3 Bg4 4. h3 Bxf3 5. Qxf3 e6 6. Be2 Nf6 7. Qf4 dxe4 8. Nxe4 Nxe4 9. Qxe4 Nd7 10. c3 Nf6 11. Qf3 Qd5 12. d4 Qxf3 13. Bxf3 O-O-O 14. Bg5 Be7 15. O-O-O Nd5 16. Bxe7 Nxe7 17. Rhe1 Rd7 18. Kc2 Rhd8 19. g3 Ng6 20. Be4 Ne7 21. Bf3 Ng6 22. b4 Kc7 23. a4 b5 24. Ra1 Kb6 25. axb5 cxb5 26. Ra5 a6 27. Rea1 Ra7 28. Be2 Rdd7 29. c4 bxc4 30. Kc3 Ne7 31. Bxc4 Nd5+ 32. Kb3 Nc7 33. Kc3 1/2-1/2

[Event "Czech Youth U16 Boys 2024"]
[Site "Kouty nad Desnou"]
[Date "2024.03.14"]
[Round "7.5"]
[White "Fizer, Marek"]
[Black "Hozda, Max"]
[Result "1/2-1/2"]
[ECO "B01"]
[WhiteElo "2058"]
[BlackElo "2032"]
[Annotator "RC"]
[PlyCount "82"]
[EventDate "2024.03.10"]
[EventType "swiss"]
[EventCountry "CZE"]
[SourceTitle "playchess.com"]
[Source "ChessBase"]
[SourceQuality "1"]
[TimeControl "40/5400+30:1800+30"]

1. e4 d5 2. exd5 Qxd5 3. Nc3 Qa5 4. d4 Nf6 5. Nf3 c6 6. Bc4 Bf5 7. Ne5 e6 8. g4 Bg6 9. h4 Nbd7 10. Nxd7 Nxd7 11. h5 Be4 12. O-O Bd5 13. Nxd5 cxd5 14. Bd3 Bd6 15. Qf3 Qd8 16. Kg2 Qf6 17. Qxf6 Nxf6 18. f3 a6 19. Bd2 Kd7 20. b3 b5 21. h6 g6 22. g5 Ne8 23. c4 bxc4 24. bxc4 dxc4 25. Bxc4 Nc7 26. Rab1 Rhb8 27. f4 Kc8 28. Kf3 Rxb1 29. Rxb1 Rb8 30. Rxb8+ Kxb8 31. f5 gxf5 32. Bf4 Bf8 33. Be5 Kc8 34. Kf4 Kd7 35. a4 Bb4 36. Bxc7 Bd2+ 37. Ke5 Bxg5 38. d5 Kxc7 39. dxe6 fxe6 40. Bxe6 Bxh6 41. Bxf5 Bg7+ 1/2-1/2

[Event "Czech Youth U16 Boys 2024"]
[Site "Kouty nad Desnou"]
[Date "2024.03.14"]
[Round "7.6"]
[White "Vysinsky, Otakar"]
[Black "Setina, Vaclav"]
[Result "1/2-1/2"]
[ECO "B10"]
[WhiteElo "1882"]
[BlackElo "2024"]
[Annotator "RC"]
[PlyCount "178"]
[EventDate "2024.03.10"]
[EventType "swiss"]
[EventCountry "CZE"]
[SourceTitle "playchess.com"]
[Source "ChessBase"]
[SourceQuality "1"]
[TimeControl "40/5400+30:1800+30"]

1. e4 c6 2. c4 d5 3. exd5 cxd5 4. cxd5 Nf6 5. Nc3 Nxd5 6. Nf3 Nc6 7. Bc4 Nb6 8. Bb3 Bf5 9. d4 e6 10. O-O Be7 11. Be3 O-O 12. Qe2 Na5 13. Rfd1 Nxb3 14. axb3 Nd5 15. Ne5 a6 16. Rac1 Rc8 17. Qf3 f6 18. Nc4 Rc6 19. Nd2 Bb4 20. Nxd5 Qxd5 21. Qxd5 exd5 22. Rxc6 bxc6 23. Rc1 Rc8 24. Nb1 Bxb1 25. Rxb1 Kf7 26. Rc1 Ke6 27. Kf1 Kd7 28. Ke2 Rb8 29. Kd3 Bd6 30. Kc3 Kc7 31. Ra1 Kb6 32. h3 Re8 33. Re1 Kb5 34. Kd3 Bb4 35. Rc1 h5 36. Ra1 g5 37. g3 Bd6 38. Rc1 Re7 39. Ra1 Bc7 40. Bd2 Bb6 41. Bc3 Bc7 42. Bd2 Bd6 43. Ra5+ Kb6 44. Ra1 Re6 45. Be3 Be7 46. Rc1 Bb4 47. Ra1 Be7 48. Rc1 Kb5 49. Ra1 Bb4 50. Rc1 Re8 51. Ra1 Re7 52. Rc1 Rh7 53. Ra1 g4 54. Rh1 f5 55. Kc2 Be7 56. Kd3 Bf6 57. Kc2 Rh8 58. Kd3 gxh3 59. Rxh3 Kb4 60. Kc2 h4 61. gxh4 Rxh4 62. Rf3 Bxd4 63. Bxd4 Rxd4 64. Rxf5 Re4 65. Rf6 c5 66. Rxa6 Re2+ 67. Kd3 Rxf2 68. Rb6+ Ka5 69. Rb8 Rxb2 70. Kc3 Rh2 71. Kd3 Rh3+ 72. Kc2 d4 73. Kd2 Rh6 74. Kc2 Rb6 75. Ra8+ Kb4 76. Rc8 Rb5 77. Rd8 Rb7 78. Rc8 Kb5 79. Kd3 Rh7 80. Rb8+ Kc6 81. Kc4 Rh3 82. Rc8+ Kd6 83. Rd8+ Kc7 84. Rd5 Kb6 85. Rd6+ Kc7 86. Rd5 Rc3+ 87. Kb5 d3 88. b4 c4 89. Kc5 Rc2 1/2-1/2

[Event "Czech Youth U16 Boys 2024"]
[Site "Kouty nad Desnou"]
[Date "2024.03.14"]
[Round "7.7"]
[White "Stein, Michael"]
[Black "Zemek, Antonin"]
[Result "0-1"]
[ECO "C11"]
[WhiteElo "1883"]
[BlackElo "1870"]
[Annotator "NA RC"]
[PlyCount "102"]
[EventDate "2024.03.10"]
[EventType "swiss"]
[EventCountry "CZE"]
[SourceTitle "playchess.com"]
[Source "ChessBase"]
[SourceQuality "1"]
[TimeControl "40/5400+30:1800+30"]

1. e4 e6 2. d4 d5 3. Nc3 Nf6 4. e5 Nfd7 5. f4 c5 6. Nf3 Nc6 7. Be3 a6 8. Qd2 b5 9. a3 Qa5 {[%emt 0:02:50] is now more promising than 9...Qb6. C11: French: Classical System: 4 e5 and 4 Bg5 dxe4.} 10. dxc5 Bxc5 11. Bxc5 Nxc5 12. Nd4 Qb6 13. Nxc6 Qxc6 14. Be2 Bb7 15. Bf3 $146 ({Predecessor:} 15. Qd4 O-O 16. O-O Rfd8 17. Nd1 Qb6 18. Rb1 Rab8 19. Nf2 Bc6 20. Nd3 Nxd3 21. Qxb6 Rxb6 22. Bxd3 {½-½ Susla,V (2308)-Kahl,F (2394) SA-2019-0-00681}) 15... Rc8 16. O-O O-O 17. Qf2 Nd7 18. Kh1 f6 19. Qg3 Qb6 20. Rad1 a5 21. Qh3 f5 (21... fxe5 $17 22. Bxd5 (22. Nxd5 exd5 23. Qxd7 e4 $15) 22... exd5 (22... Bxd5 23. Nxd5 exd5 24. Qxd7 $11) 23. Qxd7 Rf7 (23... Rxf4 $2 {is the wrong capture.} 24. Nxd5 Qc5 25. Nxf4 $18) 24. Qxb5 Qxb5 25. Nxb5 Rxc2) 22. Rd2 b4 23. Ne2 Ba6 24. Rfd1 {[%emt 0:04:35] [#]} (24. axb4 $1 $15 Qxb4 25. c3) 24... bxa3 (24... Bxe2 $1 $17 25. Bxe2 Nc5) 25. bxa3 {[%emt 0:02:23] [#]} Bxe2 $1 26. Rxe2 Rc3 27. g4 Qa6 $2 ({Don't take} 27... Rxa3 28. Rg2 $17) ({Better is} 27... g6 $19 28. Qg2 fxg4 (28... Rxa3 29. Bxd5 fxg4 30. Qxg4 $17 exd5 31. Qxd7 $11) 29. Qxg4 Rf5) 28. Qg2 Nc5 (28... Rxa3 29. Bxd5 exd5 30. Qxd5+ Kh8 31. Rg2 $11) ({Black should try} 28... fxg4 $19 29. Qxg4 g6 (29... Rxa3 30. Bxd5 exd5 31. Rg2 $19)) 29. gxf5 Rxf5 30. Rg1 (30. Rf2 $17) 30... g6 ({Nicht} 30... Rxa3 31. Qxg7#) 31. Rd2 (31. Bg4 $142 Rf7 (31... Rxf4 32. Bh5 $14) 32. Rf1) 31... Rxf4 32. Bh5 $1 Rf7 $2 (32... Rxa3 $2 {zu gefräßig.} 33. Bxg6 Kf8 34. Bd3 $18 (34. Bxh7 Ra1 $18 (34... Raf3 $18))) (32... Kf8 $11 33. Qg5 Qc4 34. Qd8+ Kg7 35. Bxg6 hxg6 36. Qe7+ Rf7 37. Rxg6+ Kxg6 38. Rg2+ Kf5 39. Qg5+ Ke4 40. Rg4+ Kf3 41. Rxc4 Rxc4 42. Qh5+ Ke3 43. Qxf7 Rxc2) 33. Bxg6 hxg6 34. Qxg6+ Kf8 35. Rdg2 $4 (35. Rf2 {and life is good for White.} Rcf3 36. Rxf3 (36. Qg8+ Ke7 37. Rxf3 Kd7 38. Rxf7+ Kc6 39. Qe8+ Nd7 40. Qxe6+ Kb5 41. Qxd5+ Nc5) 36... Rxf3 37. Qg8+ Ke7 38. Rg7+ Rf7 39. Rxf7#) 35... Rcf3 36. Qg8+ Ke7 37. Qb8 Nd7 ({Not} 37... Rxa3 38. Rg8 Kd7 39. Rd8+ Ke7 40. Qc7+) 38. Qh8 Nf8 39. Qh4+ Kd7 40. Rd2 R3f4 41. Qh3 Qc6 42. Qg3 Rf3 43. Qg4 Rxa3 44. Qd4 $19 Ra4 45. Qa7+ Ke8 46. Qb8+ Ke7 47. Qa7+ Nd7 48. Rd4 Rc4 49. c3 Rxc3 50. Qxa5 Nxe5 51. Qb4+ Qc5 0-1

[Event "Czech Youth U16 Boys 2024"]
[Site "Kouty nad Desnou"]
[Date "2024.03.14"]
[Round "7.8"]
[White "Mikolas, Petr"]
[Black "Davidek, Zdenek"]
[Result "1/2-1/2"]
[ECO "D35"]
[WhiteElo "1957"]
[BlackElo "2135"]
[Annotator "RC"]
[PlyCount "65"]
[EventDate "2024.03.10"]
[EventType "swiss"]
[EventCountry "CZE"]
[SourceTitle "playchess.com"]
[Source "ChessBase"]
[SourceQuality "1"]
[TimeControl "40/5400+30:1800+30"]

1. d4 Nf6 2. c4 e6 3. Nc3 d5 4. cxd5 exd5 5. Bg5 Be7 6. e3 O-O 7. Bd3 Nbd7 8. Qc2 c6 9. Nge2 Re8 10. O-O b5 11. Rad1 a5 12. f3 h6 13. Bh4 Ba6 14. Kh1 Nb6 15. e4 b4 16. Na4 Bxd3 17. Rxd3 dxe4 18. fxe4 Nxa4 19. Qxa4 Nxe4 20. Bxe7 Qxe7 21. Qxc6 Rac8 22. Qa4 Qh4 23. Kg1 Nf6 24. g3 Qe4 25. Nf4 g5 26. Qd1 gxf4 27. Rxf4 Rc1 28. Qxc1 Qxd3 29. Rxf6 Qxd4+ 30. Rf2 Re2 31. Qc8+ Kg7 32. Qf5 Qd1+ 33. Rf1 1/2-1/2

[Event "Czech Youth U16 Boys 2024"]
[Site "Kouty nad Desnou"]
[Date "2024.03.14"]
[Round "7.9"]
[White "Pressler, Tobias"]
[Black "Zelba, Lukas"]
[Result "0-1"]
[ECO "D00"]
[WhiteElo "1954"]
[BlackElo "1979"]
[Annotator "RC"]
[PlyCount "60"]
[EventDate "2024.03.10"]
[EventType "swiss"]
[EventCountry "CZE"]
[SourceTitle "playchess.com"]
[Source "ChessBase"]
[SourceQuality "1"]
[TimeControl "40/5400+30:1800+30"]

1. d4 d5 2. e3 c6 3. Bd3 e6 4. f4 f5 5. Nf3 Nf6 6. Ne5 Bd6 7. Nd2 O-O 8. Ndf3 Ne4 9. O-O Bd7 10. Bd2 Be8 11. g4 Nd7 12. Be1 Nxe5 13. Nxe5 Bxe5 14. dxe5 Qb6 15. Qe2 Bg6 16. Bxe4 dxe4 17. gxf5 Rxf5 18. Bh4 Bh5 19. Qd2 Bf3 20. b3 Rxf4 21. Bg3 Rd8 22. Qc3 Rf7 23. Rf2 Rd5 24. Raf1 Rfd7 25. a4 Rd1 26. b4 Rxf1+ 27. Rxf1 Qd8 28. Qc4 Rd5 29. a5 a6 30. c3 Qg5 0-1

[Event "Czech Youth U16 Boys 2024"]
[Site "Kouty nad Desnou"]
[Date "2024.03.14"]
[Round "7.10"]
[White "Tegda, Vojtech"]
[Black "Rybackova, Lucie"]
[Result "0-1"]
[ECO "B10"]
[WhiteElo "1936"]
[BlackElo "1983"]
[Annotator "RC"]
[PlyCount "66"]
[EventDate "2024.03.10"]
[EventType "swiss"]
[EventCountry "CZE"]
[SourceTitle "playchess.com"]
[Source "ChessBase"]
[SourceQuality "1"]
[TimeControl "40/5400+30:1800+30"]

1. e4 c6 2. Nc3 d5 3. Nf3 dxe4 4. Nxe4 Nf6 5. Qe2 Nxe4 6. Qxe4 Nd7 7. Bc4 Nf6 8. Ne5 e6 9. Qe2 Bd6 10. O-O O-O 11. d4 h6 12. c3 Qc7 13. Bf4 Nd5 14. Bg3 b6 15. Bb3 c5 16. Rad1 Bb7 17. dxc5 bxc5 18. Rd2 Nf6 19. Rfd1 Ne4 20. Rxd6 Nxd6 21. Nf3 Rad8 22. Qe5 c4 23. Bc2 Bd5 24. Rd4 f5 25. Nh4 Qf7 26. h3 Qf6 27. Qe2 Ne4 28. Bxe4 fxe4 29. Qh5 Kh7 30. Be5 Qg5 31. g4 Qc1+ 32. Kg2 e3+ 33. f3 Qc2+ 0-1

[Event "Czech Youth U16 Boys 2024"]
[Site "Kouty nad Desnou"]
[Date "2024.03.14"]
[Round "7.11"]
[White "Zezula, Matej"]
[Black "Buchtova, Viktorie"]
[Result "1-0"]
[ECO "B38"]
[WhiteElo "1825"]
[BlackElo "1874"]
[Annotator "NA RC"]
[PlyCount "125"]
[EventDate "2024.03.10"]
[EventType "swiss"]
[EventCountry "CZE"]
[SourceTitle "playchess.com"]
[Source "ChessBase"]
[SourceQuality "1"]
[TimeControl "40/5400+30:1800+30"]

1. e4 c5 2. Nf3 Nc6 3. d4 cxd4 4. Nxd4 g6 5. c4 Bg7 6. Be3 d6 7. Nc3 Nf6 8. Be2 Bd7 9. Nc2 a5 10. O-O O-O 11. f3 {[%emt 0:01:40] B38: Sizilianisch (Maroczy-Aufbau).} Rc8 12. Rc1 Ne5 13. Na3 Be6 14. Nd5 Ned7 15. Qd2 Nc5 16. Rfd1 Bd7 17. Rb1 Na4 18. Bd4 Nxd5 19. cxd5 Bxd4+ 20. Qxd4 Qb6 21. Nc4 Qxd4+ 22. Rxd4 Rc5 23. Bd1 Rfc8 24. Bb3 ({Ein No Go ist} 24. Nxd6 Rc1 25. Rxc1 (25. Nxc8 $2 {ist das falsche Schlagen.} Rxb1 26. Nxe7+ Kf8 $19) 25... Rxc1 $17) 24... Bb5 25. Nxa5 Rc1+ $1 26. Rxc1 Rxc1+ 27. Kf2 Nc5 28. Kg3 (28. Ke3 $1 $14) 28... b6 $1 29. Nc4 Nxb3 30. axb3 Rc2 $2 (30... Bxc4 $16 31. Rxc4 (31. bxc4 Rc2 $11) 31... Rb1) 31. Na3 Rxb2 32. Nxb5 Rxb3 33. Na7 Kg7 34. Nc6 Kf6 35. Rb4 Rxb4 36. Nxb4 e6 37. Kf4 b5 38. Ke3 exd5 39. exd5 Ke5 40. f4+ Kf5 41. g3 h6 42. h3 (42. Nc6 $142 Kf6 43. Kd3) 42... g5 43. g4+ Kg6 44. f5+ Kf6 45. Kd4 h5 46. Nc6 hxg4 47. hxg4 Kg7 48. Kc3 Kf8 49. Kb4 Ke8 50. Kxb5 Kd7 51. Kb6 Kc8 52. Ne7+ Kd7 53. f6 Kd8 54. Kc6 Ke8 55. Kxd6 Kf8 56. Nf5 Ke8 57. Kc7 Kf8 58. d6 Kg8 59. d7 Kh7 60. Ne7 Kh6 61. d8=Q Kh7 62. Qg8+ Kh6 63. Qh8# 1-0

[Event "Czech Youth U16 Boys 2024"]
[Site "Kouty nad Desnou"]
[Date "2024.03.14"]
[Round "7.12"]
[White "Dvorak, Jan"]
[Black "Buchta, Bartolomej"]
[Result "0-1"]
[ECO "B84"]
[WhiteElo "2154"]
[BlackElo "1913"]
[Annotator "RC"]
[PlyCount "38"]
[EventDate "2024.03.10"]
[EventType "swiss"]
[EventCountry "CZE"]
[SourceTitle "playchess.com"]
[Source "ChessBase"]
[SourceQuality "1"]
[TimeControl "40/5400+30:1800+30"]

1. e4 c5 2. Nf3 d6 3. d4 cxd4 4. Nxd4 Nf6 5. Nc3 a6 6. Be2 e6 7. Be3 Be7 8. Qd2 Qc7 9. f3 b5 10. g4 h6 11. h4 Bb7 12. a3 Nbd7 13. O-O-O Nc5 14. g5 hxg5 15. hxg5 Nh5 16. g6 fxg6 17. Bd3 e5 18. Nde2 O-O-O 19. Nd5 Nb3+ 0-1